Map: Temple gelé

Players

Smugglarn - Winner!

  • Race: Zerg Zerg
  • Spawn Location: 5:00

zidar

  • Race: Zerg Zerg
  • League: Gold
  • Spawn Location: 11:00

VOD

Have the link to the VOD?

Description

Time

  • Played on: May 18, 2016, 3:22 p.m.
  • Length: 7:01
Show
View Real Time Build Order
Export as new Build Order

Smugglarn Zerg - Winner!

Build Orders: Pool First 

Get SALT Encoding   

  12  0:03  Drone  
  13  0:12  Drone  
  14  0:17  Overlord  
  14  0:42  Spawning Pool  
  13  0:47  Extractor  
  12  1:03  Drone x3  
  15  1:23  Drone  
  16  1:37  Zergling x2  
  16  1:38  Zergling x2  
  18  1:41  Hatchery  
  18  1:46  Queen  
  19  1:57  Zergling x2  
  20  2:07  Zergling x2  
  21  2:08  Metabolic Boost  
  21  2:11  Zergling x2  
  22  2:20  Overlord  
  21  2:55  Zergling x6  
  22  3:10  Zergling x2  
  22  3:20  Zergling x2  
  22  3:27  Evolution Chamber  
  21  3:28  Drone  
  21  3:29  Queen, Drone x2  
  21  3:32  Overlord  
  26  3:34  Zergling x4  
  29  3:41  Zergling x2  
  29  3:47  Zergling x2  
  29  3:48  Drone  
  31  3:54  Zerg Melee Weapons Level 1  
  31  3:57  Zergling x2  
  31  3:58  Zergling x2  
  31  4:02  Zergling x2  
  29  4:16  Zergling x4  
  30  4:21  Zergling x2  
  30  4:22  Drone  
  30  4:23  Drone x2  
  34  4:33  Drone x3  
  32  4:50  Drone  
  32  4:51  Drone  
  34  4:53  Zergling x4  
  34  4:54  Zergling x4  
  38  5:00  Drone x3  
  41  5:07  Extractor x2  
  41  5:13  Extractor, Zergling x2  
  39  5:19  Drone x2  
  41  5:22  Zergling x6  
  41  5:23  Overlord  
  44  5:47  Zergling x2  
  44  5:48  Zergling x2  
  44  5:49  Overlord x3  
  46  6:04  Drone x4  
  49  6:06  Zergling x2  
  49  6:07  Zergling x4  
  53  6:31  Drone x2  
Show
View Real Time Build Order
Export as new Build Order

zidar Zerg 

Build Orders: Pool First 

Get SALT Encoding   

  12  0:01  Drone  
  13  0:12  Overlord  
  13  0:17  Drone  
  14  0:31  Drone x2  
  14  0:34  Drone  
  17  0:48  Spawning Pool  
  16  0:50  Drone  
  16  0:53  Extractor  
  16  0:56  Drone  
  17  1:19  Hatchery  
  15  1:34  Queen  
  15  1:36  Drone  
  18  1:41  Drone  
  19  1:49  Drone  
  20  2:04  Overlord  
  20  2:10  Queen  
  22  2:21  Metabolic Boost  
  22  2:27  Extractor  
  22  2:28  Drone  
  22  2:44  Queen  
  20  2:47  Zergling x6  
  20  2:48  Zergling x2  
  26  3:18  Zergling x4  
  26  3:19  Zergling x8  
  31  3:31  Pneumatized Carapace  
  31  3:36  Lair  
  31  3:55  Overlord  
  31  3:56  Overlord  
  23  4:14  Zergling x10  
  27  4:41  Zergling x12  
  30  4:56  Drone x3  
  33  5:15  Drone  
  33  5:16  Drone x2  
  33  5:17  Drone  
  36  5:32  Spire  
  35  5:50  Queen  
  37  5:58  Roach Warren  
  37  6:00  Drone x4  
  37  6:02  Drone  
  41  6:10  Extractor x2  
  39  6:18  Drone  
  39  6:19  Drone x3  
  39  6:24  Zergling x4  
  36  6:44  Spine Crawler x2  
  36  6:45  Spine Crawler  
Tags
 
League
Gold
Matchup
ZvZ
Race
Zerg
Spawn Locations
Cross Positions
Add a new tag
Caveats
  • Supply blocks, unpowered buildings, or Contaminate may cause inaccurate times.
  • Supply counts are checked every 10 seconds.